 Dungeon Crawl Stone Soup version 0.27-a0-1324-ge0d8e047f6 (webtiles) character file.

Game seed: 7107141200600043448

87 Nattfarinn the Ducker (level 4, -3/34 HPs)
             Began as a Djinni Venom Mage on June 23, 2021.
             Slain by a sky beast (5 damage)
             ... on level 4 of the Dungeon.
             The game lasted 00:05:52 (3217 turns).

Nattfarinn the Ducker (Djinni Venom Mage)           Turns: 3217, Time: 00:05:53

Health: -3/34      AC:  9    Str:  7    XL:     4   Next: 80%
Gold:   61         EV:  7    Int: 18    God:
                   SH:  7    Dex: 13

rFire    + + .     SeeInvis .   h - +2 short sword (speed)
rCold    x . .     Faith    .   f - +0 kite shield
rNeg     . . .     Spirit   .   u - +0 ring mail
rPois    ∞         Reflect  .   (no helmet)
rElec    .         Harm     .   (no cloak)
rCorr    .         Rampage  .   (no gloves)
Will     .....                  (boots unavailable)
Stlth    +.........             (no amulet)
HPRegen  0.11/turn              r - +4 ring of protection
MPRegen  0.00/turn              (no ring)

@: flying, invisible
A: sickness immunity, fire resistance 2, cold vulnerability 1, float, innate
caster, hp casting, extra vitality 1
a: no special abilities


You were on level 4 of the Dungeon.
You visited 1 branch of the dungeon, and saw 4 of its levels.

You collected 61 gold pieces.

Inventory:

Hand Weapons
 c - a +0 short sword
 e - a +0 falchion
 h - a +2 short sword of speed (weapon)
Armour
 a - a +0 robe
 f - a +0 kite shield (worn)
 n - a +0 scale mail
 u - a +0 ring mail (worn)
Jewellery
 r - a +4 ring of protection (left hand)
Scrolls
 b - a scroll of blinking
 d - a scroll of fear {unknown}
 g - a scroll of torment
 j - a scroll of teleportation
 m - a scroll of enchant armour {unknown}
 p - a scroll of magic mapping {unknown}
 t - a scroll of noise {unknown}
Potions
 i - a potion of haste {unknown}
 k - a potion of magic {unknown}
 l - a potion of degeneration {unknown}
 o - a potion of brilliance {unknown}
 q - a potion of cancellation
 s - a potion of invisibility


   Skills:
 + Level 2.4 Fighting
 - Level 1.1 Armour
 - Level 2.6 Dodging
 - Level 1.5 Stealth
 * Level 2.1 Shields
 - Level 2.4 Spellcasting


You couldn't memorise any spells.
You knew the following spells:

 Your Spells              Type           Power      Damage    Failure   Level
a - Sting                 Tmut/Pois      40%        1d5       75%         1
b - Poisonous Vapours     Pois/Air       20%        N/A       87%         2
c - Mephitic Cloud        Conj/Pois/Air  10%        N/A       98%         3
d - Ignite Poison         Fire/Tmut/Pois 10%        N/A       98%         3
e - Olgreb's Toxic Radia  Pois           10%        N/A       100%        4
f - Freeze                Ice            40%        1d6       75%         1
Your spell library was empty.

Dungeon Overview and Level Annotations

Branches:
Dungeon (4/15)
 Temple: D:4-7

Altars:

Shops:
D:2 ([[

Annotations:
D:3 1 runed translucent door, Crazy Yiuf


Innate Abilities, Weirdness & Mutations

You are immune to sickness and miasma.
You are immune to poison.
Your flesh is very heat resistant. (rF++)
You are vulnerable to cold. (rC-)
You float through the air rather than walking.
You learn spells naturally, not from books.
Your magical power is your life essence.
You have superior vitality. (+4 HP)


Message History

The sky beast is moderately wounded.
The sky beast hits you but does no damage.
You closely miss the sky beast.
The sky beast is moderately wounded.
You block the sky beast's attack.
Your magical contamination has completely faded away.
You hit the sky beast.
The sky beast is heavily wounded.
The sky beast barely misses you.
You closely miss the sky beast.
The sky beast is heavily wounded.
You block the sky beast's attack.
You barely miss the sky beast.
The sky beast is heavily wounded.
The sky beast hits you but does no damage.
You closely miss the sky beast.
The sky beast is heavily wounded.
The sky beast flickers out of sight!
Deactivating autopickup; reactivate with Ctrl-A.
You block something's attack.
A sky beast appears from thin air!
Reactivating autopickup.
Your shield prevents you from hitting the sky beast.
The sky beast is moderately wounded.
You block the sky beast's attack.
You closely miss the sky beast.
The sky beast is moderately wounded.
The sky beast hits you. The sky beast shocks you.
You closely miss the sky beast.
The sky beast is moderately wounded.
The sky beast hits you. The sky beast shocks you.
* * * LOW HITPOINT WARNING * * *
It was a potion of cancellation.
You feel magically purged. The sky beast barely misses you.
It was a potion of invisibility.
You fade into invisibility!
The sky beast hits you.
* * * LOW HITPOINT WARNING * * *
The sky beast shocks you.
You die...

#......##.# #......##.#
#.....(##.#
#......##.#########
#......##B.B......#####
#....).####...........#
#........[B.....(...#.#
####'#####Y######.#.#.#
#.# #.@......#<#.# #.#
############.## #.#
#..........# #.#
#.########## #.# #.#
#.# #.# #.########.#
#..........#
############


You could see a sky beast and a giant cockroach.

Vanquished Creatures
  2 adders
  A worm (D:3)
  5 dart slugs
  An orc (D:3)
  3 ball pythons
  3 endoplasms
  2 giant cockroaches
  4 hobgoblins
  2 jackals (D:3)
  2 quokkas (D:2)
  6 bats
  3 frilled lizards
  10 goblins
  5 kobolds
  5 rats
54 creatures vanquished.

Notes
Turn   | Place    | Note
-------+----------+-------------------------------------------
     0 | D:1      | Nattfarinn the Djinni Venom Mage began the quest for the
                  | Orb.
     0 | D:1      | Reached XP level 1. HP: 15/15 MP: 0/0
   199 | D:1      | Found a faded altar of an unknown god.
   530 | D:1      | Reached skill level 1 in Fighting
   530 | D:1      | Reached XP level 2. HP: 20/22 MP: 0/0
  1194 | D:1      | Reached XP level 3. HP: 21/27 MP: 0/0
  1194 | D:1      | Learned a level 1 spell: Freeze
  1412 | D:1      | Reached skill level 1 in Armour
  1722 | D:2      | Found Gebryill's Weapon Boutique.
  1948 | D:2      | Found Imekh's Armour Shop.
  1976 | D:2      | Reached skill level 1 in Shields
  1988 | D:2      | Reached XP level 4. HP: 29/33 MP: 0/0
  2093 | D:2      | Found Uruahau's Armour Shop.
  2106 | D:2      | You are sucked into a shaft and drop 1 floor!
  2783 | D:3      | Found a runed translucent door.
  2784 | D:3      | Noticed Crazy Yiuf
  3172 | D:4      | Noticed a sky beast
  3217 | D:4      | Slain by a sky beast

Illustrated notes

Levels and vault maps discovered:
D:1:      dpeg_arrival_rhombi, layout_basic, chequers_ecumenical_altar_simple
D:2:      layout_basic, serial_shops, nicolae_shop_behind_doors,
          nicolae_square_shop, nicolae_lakefront_shop, nicolae_shop_behind_doors
D:3:      layout_loops_ring, uniq_crazy_yiuf_cottage
D:4:      layout_basic

Skill      XL: |  1  2  3  4 |
---------------+-------------+-----
Fighting       | 1 2 |  2.4
Armour         | 1 |  1.1
Shields        | 1 2 |  2.1
Dodging        | |  2.6
Stealth        | |  1.5
Spellcasting   | |  2.4

Action                   |  1- 3 |  4- 6 || total
-------------------------+-------+-------++-------
Melee: Falchion          |    20 |       ||    20
       Short sword       |    44 |    98 ||   142
 Cast: Sting             |    20 |       ||    20
  Use: Scroll            |       |     3 ||     3
       Potion            |       |     2 ||     2
 Stab: Sleeping          |     1 |       ||     1
Armor: Robe              |    11 |       ||    11
       Scale mail        |     9 |    53 ||    62
       Ring mail         |       |    12 ||    12
Dodge: Dodged            |    17 |    33 ||    50
Block: Kite shield       |    18 |    40 ||    58

Table legend: (Time is in decaauts)
 A = Elapsed time spent in this place.
 B = Non-inter-level travel time spent in this place.
 C = Inter-level travel time spent in this place.
 D = Time resting spent in this place.
 E = Time spent auto-exploring this place.
 F = Levels seen in this place.
 G = Mean time per level.
                   A        B        C        D        E       F      G
               +--------+--------+--------+--------+--------+-----+--------+
         Total |   3226 |   3153 |     73 |    494 |   2200 |   4 |  806.5 |
       Dungeon |   3226 |   3153 |     73 |    494 |   2200 |   4 |  806.5 |
               +--------+--------+--------+--------+--------+-----+--------+

Top non-repeatable levels by time:
     D:1: 1591 daAuts
     D:3: 980 daAuts
     D:2: 525 daAuts
     D:4: 129 daAuts
